 Dungeon Crawl Stone Soup version 0.26.1-11-gd32895ea62 (webtiles) character file.

Game seed: 3386207064390022802

409 Zeld the Cudgeller (level 6, -1/58 HPs)
             Began as an Octopode Warper on May 16, 2021.
             Was an Initiate of Makhleb.
             Slain by a centaur (4 damage)
             ... on level 4 of the Dungeon.
             The game lasted 00:07:20 (6941 turns).

Zeld the Cudgeller (Octopode Warper)                Turns: 6941, Time: 00:07:21

Health: -1/58      AC: 23    Str: 13    XL:     6   Next: 89%
Magic:  11/11      EV:  2    Int: 15    God:    Makhleb [......]
Gold:   242        SH:  0    Dex: 11    Spells: 1/12 levels left

rFire    + . .     SeeInvis .   a - +0 mace
rCold    + . .     Faith    .   (no shield)
rNeg     + + +     Spirit   .   (helmet currently unavailable)
rPois    +         Reflect  .   (no amulet)
rElec    +         Harm     .   l - ring of resist corrosion
rCorr    +         Rampage  .   (no ring)
Will     .....     NoTele   +   (no ring)
Stlth    +.........             (no ring)
HPRegen  0.19/turn              (no ring)
MPRegen  0.12/turn              (no ring)
                                (no ring)
                                (no ring)

@: brilliant, tree-form, resistant
A: almost no armour, stealthy swim, (amphibious), 8 rings, (constrict 8)
a: Renounce Religion


You were on level 4 of the Dungeon.
You worshipped Makhleb.
Makhleb was noncommittal.
You were a tree.
You visited 1 branch of the dungeon, and saw 4 of its levels.

You collected 242 gold pieces.

Inventory:

Hand Weapons
 a - a +0 mace (weapon)
Missiles
 b - 5 boomerangs of dispersal (quivered)
 o - 3 boomerangs
Jewellery
 l - a ring of resist corrosion (left branch)
Scrolls
 d - 4 scrolls of teleportation {unknown}
 e - 2 scrolls of remove curse {unknown}
 g - 3 scrolls of identify {unknown}
 h - a scroll of fog {unknown}
 n - a scroll of immolation {unknown}
Potions
 f - a potion of flight
 i - a potion of ambrosia {unknown}
 j - a potion of lignification
 k - a potion of resistance
 m - a potion of brilliance
 p - a potion of degeneration {unknown}


   Skills:
 - Level 2.0 Fighting
 * Level 5.2 Maces & Flails
 - Level 1.0 Throwing
 - Level 2.3 Dodging
 + Level 3.6 Spellcasting
 + Level 4.4 Translocations


You had one spell level left.
You knew the following spells:

 Your Spells              Type           Power        Failure   Level
a - Blink                 Tloc           N/A          4%          2
b - Gell's Gravitas       Tloc           12%          9%          3
c - Lesser Beckoning      Tloc           12%          9%          3
d - Teleport Other        Tloc           24%          9%          3

Your spell library contained the following spells:

 Spells                   Type           Power        Failure   Level
 Passage of Golubria      Tloc           N/A          30%         4


Dungeon Overview and Level Annotations

Branches:
Dungeon (4/15)
 Temple: D:4-7

Altars:
Elyvilon
Gozag
Makhleb
Nemelex Xobeh
Sif Muna
Yredelemnul


Innate Abilities, Weirdness & Mutations

You cannot wear most types of armour.
You are very stealthy in the water. (Stealth+)
((You are amphibious.))
You can wear up to eight rings at the same time.
((You can use your tentacles to constrict eight enemies at once.))
((Your skin changes colour to match your surroundings (Stealth+).))
((Your rubbery body absorbs attacks. (AC +1, EV +1)))


Message History

You hit the centaur.
The centaur is lightly wounded.
The centaur hits you but does no damage. x2
You closely miss the centaur.
The centaur is lightly wounded.
The centaur hits you but does no damage.
The ogre hits you with a +0 giant club.
* * * LOW HITPOINT WARNING * * *
The centaur hits you but does no damage.
Unknown command.
You hit the centaur but do no damage.
The centaur is lightly wounded.
The centaur hits you but does no damage.
The ogre hits you but does no damage.
The centaur hits you but does no damage.
Unknown command.
It was a potion of brilliance.
You feel clever all of a sudden. The centaur hits you.
You die...

# #.##.##.#..........##.#..#. #
..##.##...##..........#.##. #
####.##..###..........#.#..
##### # #....####.......##..##.#
....#.# ##...#.............##...
###.#.#
###..##.###.......###....
#.#.###.......###.......##.....
##...#.....##.(.##............_.
#...##....###.#♣c#........#.....
##..###..###
#.##O.........##.... .........#
.(###.######...##...
..####......#### #.# #.#..##.#
.## #....### # . #.#..#... .#
#....... .# #.##..... ##
#....### # #........ #....#
###.#.... ########### #.##...


You could see an ogre and a centaur.

Vanquished Creatures
  A water moccasin skeleton (D:4)
  An orc priest (D:3)
  Jessica (D:2)
  2 orc wizards (D:3)
  A worker ant (D:4)
  Robin (D:3)
  4 gnolls (D:2)
  5 adders
  An adder skeleton (D:4)
  2 worms (D:3)
  5 dart slugs
  5 leopard geckos
  12 orcs
  5 giant cockroaches
  18 goblins
  8 hobgoblins
  3 jackals (D:4)
  2 quokkas (D:2)
  8 bats
  3 frilled lizards
  10 kobolds
  12 rats
110 creatures vanquished.

Notes
Turn   | Place    | Note
-------+----------+-------------------------------------------
     0 | D:1      | Zeld the Octopode Warper began the quest for the Orb.
     0 | D:1      | Reached XP level 1. HP: 14/14 MP: 3/3
   169 | D:1      | Reached XP level 2. HP: 17/19 MP: 5/5
   672 | D:1      | Reached XP level 3. HP: 11/24 MP: 6/6
   899 | D:1      | Learned a level 2 spell: Blink
   903 | D:1      | Learned a level 3 spell: Gell's Gravitas
  1356 | D:2      | Noticed Jessica
  1363 | D:2      | HP: 1/24 [Jessica/+0 club (6)]
  1751 | D:2      | Killed Jessica
  1752 | D:2      | Reached skill level 3 in Maces & Flails
  1752 | D:2      | Reached XP level 4. HP: 24/29 MP: 7/7
  1812 | D:2      | Found a sparkling altar of Nemelex Xobeh.
  2560 | D:2      | Reached XP level 5. HP: 15/34 MP: 9/9
  2932 | D:2      | Reached skill level 4 in Maces & Flails
  3147 | D:2      | Found a basalt altar of Yredelemnul.
  3205 | D:2      | Found a white marble altar of Elyvilon.
  3246 | D:2      | Found a shimmering blue altar of Sif Muna.
  3982 | D:3      | Reached XP level 6. HP: 34/39 MP: 10/10
  3990 | D:3      | Learned a level 3 spell: Lesser Beckoning
  3994 | D:3      | Learned a level 3 spell: Teleport Other
  4085 | D:3      | Noticed Robin
  4469 | D:3      | Killed Robin
  5125 | D:4      | Found an opulent altar of Gozag.
  5401 | D:3      | Reached skill level 5 in Maces & Flails
  6734 | D:4      | Found a burning altar of Makhleb.
  6753 | D:4      | Became a worshipper of Makhleb the Destroyer
  6933 | D:4      | HP: 1/39 [centaur/arrow (10)]
  6939 | D:4      | HP: 2/58 [ogre/+0 giant club (1)]
  6941 | D:4      | Slain by a centaur

Illustrated notes

Levels and vault maps discovered:
D:1:      kennysheep_arrival_seaside, layout_loops_ring
D:2:      layout_basic, kennysheep_ying_yang, led_sif_pool, st_stairs_12,
          nemelex_xobeh_ov_fountains_minmay, uniq_jessica
D:3:      layout_rooms, uniq_robin
D:4:      layout_rooms, lemuel_round_altar, lemuel_round_altar

Skill      XL: |  1  2  3  4  5  6 |
---------------+-------------------+-----
Maces & Flails | 3 4 5 |  5.2
Spellcasting   | 3 |  3.6
Translocations | 4 |  4.4
Fighting       | |  2.0
Throwing       | |  1.0
Dodging        | |  2.3

Action                   |  1- 3 |  4- 6 || total
-------------------------+-------+-------++-------
Melee: Mace              |    61 |   179 ||   240
       Constrict         |    17 |    50 ||    67
       Tentacles         |     9 |    29 ||    38
 Cast: Blink             |       |     3 ||     3
       Gell's Gravitas   |       |    10 ||    10
       Teleport Other    |       |     1 ||     1
       Lesser Beckoning  |       |     1 ||     1
  Use: Potion            |       |     4 ||     4
       Scroll            |       |     2 ||     2
 Stab: Sleeping          |     2 |     2 ||     4
Armor: Skin              |     7 |    26 ||    33
Dodge: Dodged            |    44 |   154 ||   198
